 Dungeon Crawl Stone Soup version 0.31-a0-210-gccc998df9b (webtiles) character file.

Game seed: 16162922804971188895

368 Ijustatesigmund the Stinger (level 6, -2/38 HPs)
             Began as an Octopode Venom Mage on June 29, 2023.
             Splashed by a jelly's acid (6 damage)
             ... on level 5 of the Dungeon.
             The game lasted 00:05:51 (4583 turns).

Ijustatesigmund the Stinger (Octopode Venom Mage)   Turns: 4583, Time: 00:05:53

Health: -2/38      AC: -7    Str:  7    XL:     6   Next: 69%
Magic:  11/11      EV: 13    Int: 20    God:
Gold:   214        SH:  7    Dex: 18    Spells: 2/12 levels left

rFire   . . .        c - +0 spear (flame)
rCold   . . .        g - +2 buckler
rNeg    + . .        (helmet restricted)
rPois   .            h - amulet "Wihal" {RegenMP rN+}
rElec   .            b - +6 ring of dexterity
rCorr   .            (no ring)
SInv    .            (no ring)
Will    .....        (no ring)
Stlth   +++          (no ring)
HPRegen 0.26/turn    (no ring)
MPRegen 0.52/turn    (no ring)
                     (no ring)

%: no passive effects
@: corroded
A: almost no armour, amphibious, 8 rings, camouflage 1, gelatinous body 1,
(nimble swimmer 1), tentacles
a: no special abilities


You were on level 5 of the Dungeon.
You visited 1 branch of the dungeon, and saw 5 of its levels.

You collected 214 gold pieces.

Inventory:

Hand Weapons
 c - a +0 spear of flaming (weapon)
Armour
 g - a +2 buckler (worn)
Magical Staves
 k - a staff of conjuration
Jewellery
 b - a +6 ring of dexterity (left tentacle)
 h - the amulet "Wihal" (around mantle) {RegenMP rN+}
   (You found it on level 3 of the Dungeon)

   [amulet of magic regeneration]

   It increases your rate of magic regeneration.
   rN:        It protects you from negative energy.
Wands
 j - a wand of roots (7)
Scrolls
 d - a scroll of poison
 e - 3 scrolls of identify
 f - a scroll of brand weapon
Potions
 a - a potion of magic
 i - 2 potions of brilliance


   Skills:
 - Level 1.2 Fighting
 - Level 2.0 Dodging
 - Level 2.6 Stealth
 + Level 2.7 Shields
 + Level 3.8 Spellcasting
 - Level 1.0 Conjurations
 - Level 1.0 Transmutations
 - Level 1.2 Air Magic
 + Level 5.7 Poison Magic


You had 2 spell levels left.
You knew the following spells:

 Your Spells              Type           Power      Damage    Failure   Level
a - Sting                 Tmut/Pois      68%        1d6       5%          1
b - Poisonous Vapours     Pois/Air       34%        N/A       8%          2
c - Mephitic Cloud        Conj/Pois/Air  14%        N/A       22%         3
d - Olgreb's Toxic Radia  Pois           26%        N/A       21%         4

Your spell library contained the following spells:

 Spells                   Type           Power      Damage    Failure   Level
 Dazzling Flash           Conj/Hex       12%        N/A       45%         3
 Inner Flame              Hex/Fire       3%         N/A       54%         3
 Volatile Blastmotes      Fire/Tloc      6%         2d10      54%         3
 Flame Wave               Conj/Fire      6%         2d5       86%         4
 Iskenderun's Mystic Bla  Conj/Tloc      6%         2d4       86%         4
 Sticky Flame             Conj/Fire      6%         2d3       86%         4
 Blade Hands              Tmut           3%         N/A       98%         5
 Irradiate                Conj/Tmut      4%         3d13      98%         5
 Freezing Cloud           Conj/Ice/Air   3%         6-21      99%         5
 Starburst                Conj/Fire      3%         6d3       100%        6
 Dragon Form              Tmut           3%         N/A       100%        7


Dungeon Overview and Level Annotations

Branches:
Dungeon (5/15)
 Temple: D:4-7

Altars:
Dithmenos
Makhleb


Innate Abilities, Weirdness & Mutations

You cannot wear most types of armour.
You are amphibious.
You can wear up to eight rings at the same time.
Your skin changes colour to match your surroundings (Stealth+).
Your rubbery body absorbs attacks. (AC +1, EV +1)
((You are camouflaged when in or above water. (Stealth+)))
You have tentacles for arms and can constrict up to eight enemies at once.


Message History

You start resting.
Your magical contamination has completely faded away.
You start resting.
Magic restored.
You start resting.
HP restored.
You start waiting.
Done waiting.
Found a pair of boots.
Found a shadowy altar of Dithmenos.
A jelly comes into view.
An adder comes into view.
The jelly quivers.
You reach to attack!
You hit the jelly. You burn the jelly.
The jelly is lightly wounded.
You hit the jelly. You burn the jelly. The acid corrodes you!
Your tentacles burn!
The jelly is heavily wounded.
The jelly closely misses you.
You hit the jelly. You burn the jelly.
Your tentacles burn!
The jelly is almost dead.
The adder hisses angrily.
The jelly hits you. The acid corrodes you!
You are splashed with acid!
You hit the jelly but do no damage.
Your tentacles burn!
The jelly is almost dead.
The jelly completely misses you. The jelly closely misses you.
You hit the jelly but do no damage.
Your tentacles burn!
The jelly is almost dead.
The jelly misses you.
You barely miss the jelly.
You squeeze the jelly, but do no damage.
The jelly is almost dead.
The jelly hits you.
You are splashed with acid!
* * * LOW HITPOINT WARNING * * *
You hit the jelly but do no damage.
Your tentacles burn!
* * * LOW HITPOINT WARNING * * *
The jelly is almost dead.
The jelly hits you.
* * * LOW HITPOINT WARNING * * *
You are splashed with acid.
You die...

...#.#.##...
##.#.#.##..####.........
........................
##.#.#.##..#.##.........
......................##
##.#.................#..
...###.#...............#
...###.##...............
.††<.........#..@J.#
##.###.##....#..S..#.
#.# #.##............#
#.# #.............#....
...........§§$......#.#
..######...§§≈.≈≈...# #
##.# #..§..≈§≈..≈... ...
....≈≈.§...≈≈...
###....[._......


You could see a jelly and an adder.

Vanquished Creatures
  A phantom (D:4)
  2 scorpions
  10 adders
  2 worms
  2 dart slugs
  2 orcs
  10 ball pythons
  12 bats
  4 endoplasms
  A giant cockroach (D:1)
  11 goblins
  4 hobgoblins
  3 quokkas
  4 frilled lizards
  6 kobolds
  3 rats
77 creatures vanquished.

Notes
Turn   | Place    | Note
-------+----------+-------------------------------------------
     0 | D:1      | Ijustatesigmund the Octopode Venom Mage began the quest for
                  | the Orb.
     0 | D:1      | Reached XP level 1. HP: 11/11 MP: 3/3
   238 | D:1      | Reached XP level 2. HP: 11/18 MP: 5/5
   339 | D:1      | Found a faded altar of an unknown god.
   387 | D:1      | Learned a level 2 spell: Poisonous Vapours
   459 | D:1      | Reached skill level 1 in Fighting
   543 | D:1      | Reached skill level 4 in Poison Magic
  1226 | D:2      | Reached XP level 3. HP: 18/23 MP: 6/6
  1230 | D:2      | Learned a level 3 spell: Mephitic Cloud
  1272 | D:2      | Found a burning altar of Makhleb.
  1807 | D:2      | Reached skill level 1 in Air Magic
  2125 | D:3      | Reached skill level 1 in Conjurations
  2125 | D:3      | Reached XP level 4. HP: 11/28 MP: 1/7
  2707 | D:3      | Identified the amulet "Wihal" {RegenMP rN+}
  2822 | D:3      | Noticed a scorpion
  2831 | D:3      | Killed a scorpion
  2832 | D:3      | Reached skill level 1 in Shields
  2832 | D:3      | Reached XP level 5. HP: 25/33 MP: 1/9
  3470 | D:4      | Reached skill level 5 in Poison Magic
  3809 | D:4      | Noticed a phantom
  3838 | D:4      | Killed a phantom
  3839 | D:4      | Reached XP level 6. HP: 21/38 MP: 11/11
  4297 | D:4      | Learned a level 4 spell: Olgreb's Toxic Radiance
  4383 | D:5      | Entered Level 5 of the Dungeon
  4571 | D:5      | Found a shadowy altar of Dithmenos.
  4583 | D:5      | Splashed by a jelly's acid

Illustrated notes

Levels and vault maps discovered:
D:1:      dpeg_arrival_long_road, layout_basic,
          shapermc_ecumenical_altar_mp_urbaneastern
D:2:      minmay_chambers_of_twos, layout_loops_ring, basic_altar,
          item_on_display_a
D:3:      layout_basic, minmay_vboxes
D:4:      layout_basic, nicolae_half_adder
D:5:      layout_basic, mainiacjoe_overflow_small_starburst, uniq_ijyb

Skill      XL: |  1  2  3  4  5 |
---------------+----------------+-----
Fighting       | 1 |  1.2
Poison Magic   | 4 5 |  5.7
Air Magic      | 1 |  1.2
Conjurations   | 1 |  1.0
Shields        | 1 2 |  2.7
Spellcasting   | 3 |  3.8
Dodging        | |  2.0
Stealth        | |  2.6
Transmutations | |  1.0

Action                     |  1- 3 |  4- 6 || total
---------------------------+-------+-------++-------
  Melee: Unarmed           |    20 |       ||    20
         Constrict         |    22 |    12 ||    34
         Tentacles         |    19 |    11 ||    30
         Whip              |    19 |       ||    19
         Spear             |    46 |    97 ||   143
   Cast: Sting             |     4 |     1 ||     5
         Poisonous Vapours |    23 |    40 ||    63
    Use: Scroll            |       |     9 ||     9
         Potion            |       |     1 ||     1
   Stab: Sleeping          |     8 |     7 ||    15
 Armour: Skin              |     8 |    24 ||    32
  Dodge: Dodged            |    46 |    25 ||    71
  Block: Buckler           |       |     5 ||     5

Table legend: (Time is in decaauts)
 A = Elapsed time spent in this place.
 B = Non-inter-level travel time spent in this place.
 C = Inter-level travel time spent in this place.
 D = Time resting spent in this place.
 E = Time spent auto-exploring this place.
 F = Levels seen in this place.
 G = Mean time per level.
                   A        B        C        D        E       F      G
               +--------+--------+--------+--------+--------+-----+--------+
         Total |   4603 |   4469 |    134 |   1270 |   2613 |   5 |  920.6 |
       Dungeon |   4603 |   4469 |    134 |   1270 |   2613 |   5 |  920.6 |
               +--------+--------+--------+--------+--------+-----+--------+

Top non-repeatable levels by time:
     D:3: 1268 daAuts
     D:1: 1112 daAuts
     D:4: 1055 daAuts
     D:2: 966 daAuts
     D:5: 201 daAuts
